Workbook

Sheet Planilha de custo
A1: EMPRESA: XXXXXXXXXXXXX
A2: CNPJ: XXXXXXXXXXXX
A4: PARA: O SERVIÇO DE APOIO ÀS MICRO E PEQUENAS EMPRESAS DO ESTADO DO RIO GRANDE DO SUL
B5: ANEXO III - PLANILHA DE COMPOSIÇÃO DE CUSTOS
A9: Descriminação dos Serviços (dados referentes à contratação)
A10: A | B10: Data de apresentação da proposta (dia/mês/ano) | D10: XX/XX/2026
A11: B | B11: Município/UF | D11: PASSO FUNDO/RS
A12: C | B12: Ano do Acordo, Convenção ou Sentença Normativa em Dissídio Coletivo | D12: 202X
A13: D | B13: Número de meses de execução contratual | D13: 12
A14: E | B14: Número de postos de serviços | D14: 1
A16: CONVENÇÃO COLETIVA DE TRABALHO: | C16: xxxx - REGIME DE TRIBUTAÇAO:
A17: xx/xx/xxxx | C17: XXXXX
A19: ANEXO A
A20: MÃO DE OBRA
A21: MÃO DE OBRA VINCULADA À EXECUÇÃO CONTRATUAL
A22: Dados complementares para composição dos custos referente à mão de obra
A23: 1 | B23: Tipo de serviço (mesmo serviço com características distintas) | D23: XXXXXXX
A24: 2 | B24: Salário normativo da categoria profissional
A25: 2.1 | B25: Carga horária mensal | C25: Horas:
A26: 2.2 | B26: Dias trabalhados (por mês) | D26: XX
A27: 3 | B27: Categoria profissional (vinculada à execução contratual) | D27: XXXXXXX
A28: 4 | B28: Data base da categoria (dia/mês/ano) | D28: xx de xxxx de 2025
A30: MÓDULO 1: COMPOSIÇÃO DA REMUNERAÇÃO
A31: 1 | B31: Composição da Remuneração | C31: Percentual | D31: Valor (R$)
A32: A | B32: Salário-base (De acordo com as horas mensais) | D32: =D24/220*D25 -> 0
A33: B | B33: Adicional de periculosidade | C33: 0 | D33: =D24*C33 -> 0
A34: C | B34: Adicional de insalubridade (Conforme CCT) | C34: 0 | D34: =D24*C34 -> 0
A35: D | B35: Adicional noturno | C35: 0 | D35: =(D32/D25)*2*D26 -> #DIV/0!
A36: E | B36: Adicional de hora noturna reduzida | D36: 0
A37: F | B37: Plano de Benefício Social e Familiar (CCT) | D37: 17.32
A38: G | B38: Outros (especificar) | D38: 0
B39: Total da Remuneração | D39: =SUM(D32:D38) -> #DIV/0!
A41: MÓDULO 2: ENCARGOS E BENEFÍCIOS ANUAIS, MENSAIS E DIÁRIOS
A42: Submódulo 2.1 - 13º Salário, Férias e Adicional de Férias
A43: 2.1 | B43: 13º Salário e Adicional de Férias | D43: Valor (R$)
A44: A | B44: 13º Salário | D44: =D39/D13 -> #DIV/0!
A45: B | B45: Férias e Adicional de Férias | D45: =PRODUCT(0.333,D44)+D44 -> #DIV/0!
A46: TOTAL | D46: =SUM(D44+D45) -> #DIV/0!
A48: Submódulo 2.2 - Encargos Previdenciários , FGTS e outras contribuições
A49: 2.2 | B49: Submódulo 2.2 - Encargos Previdenciários e FGTS | C49: Percentual | D49: Valor (R$)
A50: A | B50: INSS | C50: 0 | D50: =SUM(D39,D44)*C50 -> #DIV/0!
A51: B | B51: Salário educação | C51: 0 | D51: =SUM(D39,D44)*C51 -> #DIV/0!
A52: C | B52: Seguro acidente de trabalho (Riscos Ambiente do Trabalho - RAT) | C52: 0 | D52: =SUM(D39,D44)*C52 -> #DIV/0!
A53: D | B53: SESI ou SESC | C53: 0 | D53: =SUM(D39,D44)*C53 -> #DIV/0!
A54: E | B54: SENAI ou SENAC | C54: 0 | D54: =SUM(D39,D44)*C54 -> #DIV/0!
A55: F | B55: SEBRAE | C55: 0 | D55: =SUM(D39,D44)*C55 -> #DIV/0!
A56: G | B56: INCRA | C56: 0 | D56: =SUM(D39,D44)*C56 -> #DIV/0!
A57: H | B57: FGTS | C57: 0 | D57: =SUM(D39,D44)*C57 -> #DIV/0!
A58: TOTAL | C58: =SUM(C50:C57) -> 0 | D58: =SUM(D50:D57)-0.01 -> #DIV/0!
A60: Nota (1) - Os percentuais dos encargos previdenciários e FGTS são aqueles estabelecidos pela legislação vigente.
A61: Nota (2) - Percentuais incidentes sobre a remuneração.
A63: Submódulo 2.3 - Benefícios mensais e diários
A64: 2.3 | B64: Benefícios Mensais e Diários | C64: Valores e Percentuais | D64: Valor (R$)
A65: A | B65: Transporte (Dedução legal - 6% sobre o piso da categoria) | C65: 0.06 | D65: =PRODUCT(C66,C67,D26*2)- PRODUCT(D32*C65) -> #VALUE!
B66: A.1) Valor da tarifa do transporte coletivo no município de prestação de serviços (inserir o valor da passagem informado no edital): | C66: 0
B67: A.2) Quantidade de passagens por dia por empregado: | C67: 2
A68: B | B68: Auxílio-alimentação (Vales, cesta básica, etc. CCT) | C68: 0 | D68: =((22*2*C69)*(1-C68)) -> 0
B69: B.1) Valor do auxílio-alimentação ( CCT) | C69: 0 | D69: -
A70: B | B70: Auxílio-lanche (Vales, cesta básica, etc. CCT) | C70: 0 | D70: 0
B71: B.1) Valor do auxílio-alimentação ( CCT) | C71: 0 | D71: -
A72: C | B72: Auxílio-creche | D72: =C72*D32 -> 0
A73: D | B73: Plano de Banefício Social e Familiar (CCT) | D73: 0
A74: E | B74: Outros (especificar) | D74: 0
B75: Total de Benefícios Mensais e Diários | D75: =SUM(D65:D74) -> #VALUE!
A77: Nota: o valor informado deverá ser o custo real do insumo (descontado o valor eventualmente pago pelo empregado).
A79: MÓDULO 3: PROVISÃO PARA RESCISÃO
A80: 3.1 | B80: Provisão para Rescisão | C80: Percentual | D80: Valor (R$)
A81: A | B81: Aviso-prévio indenizado | D81: =(D39/30)*3*1/12*100% -> #DIV/0!
A82: B | B82: Incidência do FGTS sobre o aviso-prévio indenizado | C82: 0.08 | D82: =D81*C82 -> #DIV/0!
A83: C | B83: Multa do FGTS e contribuição social s/ aviso-prévio indenizado (Conforme Manual de Orientação do Ministério do Planejamento, Orçamento e Gestão) | D83: =D81*8%*50% -> #DIV/0!
A84: D | B84: Aviso-prévio trabalhado | D84: =SUM(D39,D73,D74)/30*7/12*100% -> #DIV/0!
A85: E | B85: Incidência do submódulo 2.2 sobre o aviso-prévio trabalhado | D85: =(D39/30*7)/12*100% * C58 -> #DIV/0!
A86: F | B86: Multa do FGTS e Contribuição Social do aviso-prévio trabalhado | C86: 0.0476 | D86: =D39*C86 -> #DIV/0!
A87: TOTAL | D87: =SUM(D81:D86) -> #DIV/0!
A89: MÓDULO 4: INSUMOS DIVERSOS (PREENCHER NA PLANILHA "TOTAL INSUMOS)
A90: 5 | B90: Insumos Diversos | D90: Valor (R$)
A91: A | B91: Uniformes | D91: ='TOTAL INSUMOS'!E21 -> 0
A92: B | B92: Materiais | D92: ='TOTAL INSUMOS'!E39 -> 0
A93: C | B93: Equipamentos | D93: ='TOTAL INSUMOS'!E55 -> 0
A94: D | B94: Outros (especificar) | D94: 0
A95: Total de Insumos Diversos | D95: =SUM(D91:D94) -> 0
A97: Nota: Valores mensais por empregado. O item treinamento e reciclagem não deve ser contemplado na planiha.
A99: MÓDULO 5: CUSTO DE REPOSIÇÃO DO PROFISISONAL AUSEENTE
A100: 5.1 | B100: Ausências Legais | D100: Valor (R$)
A101: A | B101: Férias (Custo zero no primeiro ano de contrato) | D101: =D39*8.93% -> #DIV/0!
A102: B | B102: Afastamento maternidade | D102: =0.2761*0.1*D39 -> #DIV/0!
A103: C | B103: Ausências Legais | D103: =5.96*G103/12 -> 0
A104: D | B104: Licença Paternidade | D104: =G103*0.25/12 -> 0
A105: E | B105: Ausência por Acidente de Trabalho | D105: =6*G103/12 -> 0
A106: F | B106: Outros (especificar) | D106: 0
A107: Total | D107: =SUM(D101:D106)-0.01 -> #DIV/0!
A109: Nota: As alíneas "A a F" referem-se somente ao custo que será pago ao repositor pelos dias trabalhados quando da necessidade de substituir a mão de obra alocada na prestação do serviço.
A111: Submódulo 5.2 - Intrajornada
A112: A | B112: Intervalo para repouso e alimentação | D112: =SUM(D101,D107)*C112 -> #DIV/0!
A113: TOTAL | D113: =SUM(D112:D112) -> #DIV/0!
A115: Nota: Quando houver a necessidade de reposição de um empregado durante sua ausencia nos casos de intervalo para repouso ou alimentação deve-se contemplar no sbmódulo 4.2.
A118: MÓDULO 6: CUSTOS INDIRETOS, LUCRO E TRIBUTOS
A119: 6 | B119: BASE DE CÁLCULO | C119: Percentual | D119: Valor (R$)
A120: A | B120: BASE DE CÁLCULO DOS CUSTOS INDIRETOS
B121: Quadro-resumo do Custo por Empregado (Modulos 01 a 05) | C121: 0 | D121: =SUM(D145+D146+D147+D148+D149)*C121 -> #DIV/0!
...

Sheet TOTAL INSUMOS
A2: TOTAL DE INSUMOS
A4: ITEM UNIFORMES | B4: CUSTO UNITÁRIO | C4: QTD. | D4: VALOR TOTAL | E4: VALOR AMORTIZADO
A5: MEIAS DE ALGODÃO (PAR) | B5: 0 | C5: 0 | D5: =SUM(C5*B5) -> 0 | E5: =IF(C5>0,((D5/12)/C5),"0") -> 0
A6: COTURNOS COR PRETA (PAR) | B6: 0 | C6: 0 | D6: =SUM(C6*B6) -> 0 | E6: =IF(C6>0,((D6/12)/C6),"0") -> 0
A7: BOTINAS NA COR PRETA (PAR) | B7: 0 | C7: 0 | D7: =SUM(C7*B7) -> 0 | E7: =IF(C7>0,((D7/12)/C7),"0") -> 0
A8: SAPATOS NA COR PRETA | B8: 0 | C8: 0 | D8: =SUM(C8*B8) -> 0 | E8: =IF(C8>0,((D8/12)/C8),"0") -> 0
A9: CAMISETA MANGA CURTA | B9: 0 | C9: 0 | D9: =SUM(C9*B9) -> 0 | E9: =IF(C9>0,((D9/12)/C9),"0") -> 0
A10: CAMISETA MANGA LONGA | B10: 0 | C10: 0 | D10: =SUM(C10*B10) -> 0 | E10: =IF(C10>0,((D10/12)/C10),"0") -> 0
A11: JALECO | B11: 0 | C11: 0 | D11: =SUM(C11*B11) -> 0 | E11: =IF(C11>0,((D11/12)/C11),"0") -> 0
A12: CALÇA | B12: 0 | C12: 0 | D12: =SUM(C12*B12) -> 0 | E12: =IF(C12>0,((D12/12)/C12),"0") -> 0
A13: CINTO | B13: 0 | C13: 0 | D13: =SUM(C13*B13) -> 0 | E13: =IF(C13>0,((D13/12)/C13),"0") -> 0
A14: JAQUETA DE FRIO OU JAPONA | B14: 0 | C14: 0 | D14: =SUM(C14*B14) -> 0 | E14: =IF(C14>0,((D14/12)/C14),"0") -> 0
A15: CAMISA SOCIAL BRANCA MANGA CURTA | B15: 0 | C15: 0 | D15: =SUM(C15*B15) -> 0 | E15: =IF(C15>0,((D15/12)/C15),"0") -> 0
A16: CAMISA SOCIAL BRANCA MANGA COMPRIDA | B16: 0 | C16: 0 | D16: =SUM(C16*B16) -> 0 | E16: =IF(C16>0,((D16/12)/C16),"0") -> 0
... A20: MOLETON | B20: 0 | C20: 0 | D20: =SUM(C20*B20) -> 0 | E20: =IF(C20>0,((D20/12)/C20),"0") -> 0
A21: TOTAL POR POSTO = 1 SERVENTE | D21: =SUM(D5:D20) -> 0 | E21: =SUM(E5:E20) -> 0
A23: ITEM MATERIAIS | B23: R$ UNITÁRIO | C23: QTD. | D23: VALOR TOTAL | E23: VALOR AMORTIZADO
A24: ASPIRADOR DE PÓ INDUSTRIAL | B24: 0 | C24: 0 | D24: =SUM(C24*B24) -> 0 | E24: =IF(C24>0,((D24/12)/C24),"0") -> 0
A25: ENCERADEIRA BANDEIRANTE 350 | B25: 0 | C25: 0 | D25: =SUM(C25*B25) -> 0 | E25: =IF(C25>0,((D25/12)/C25),"0") -> 0
A26: ESCADA 6 DEGRAUS | B26: 0 | C26: 0 | D26: =SUM(C26*B26) -> 0 | E26: =IF(C26>0,((D26/12)/C26),"0") -> 0
A27: ESPANADOR DE PENAS Nº 50 | B27: 0 | C27: 0 | D27: =SUM(C27*B27) -> 0 | E27: =IF(C27>0,((D27/12)/C27),"0") -> 0
A28: DISCOS P/ ENCERADEIRA 350 | B28: 0 | C28: 0 | D28: =SUM(C28*B28) -> 0 | E28: =IF(C28>0,((D28/12)/C28),"0") -> 0
A29: BALDE PLÁSTICO | B29: 0 | C29: 0 | D29: =SUM(C29*B29) -> 0 | E29: =IF(C29>0,((D29/12)/C29),"0") -> 0
A30: VASSOURA PELO | B30: 0 | C30: 0 | D30: =SUM(C30*B30) -> 0 | E30: =IF(C30>0,((D30/12)/C30),"0") -> 0
A31: VASSOURINHA SANITÁRIA | B31: 0 | C31: 0 | D31: =SUM(C31*B31) -> 0 | E31: =IF(C31>0,((D31/12)/C31),"0") -> 0
A32: VASSOURA FEITICEIRA | B32: 0 | C32: 0 | D32: =SUM(C32*B32) -> 0 | E32: =IF(C32>0,((D32/12)/C32),"0") -> 0
A33: DESENTUPIDOR DE VASO SANITÁRIO | B33: 0 | C33: 0 | D33: =SUM(C33*B33) -> 0 | E33: =IF(C33>0,((D33/12)/C33),"0") -> 0
A34: PÁ DE LIXO | B34: 0 | C34: 0 | D34: =SUM(C34*B34) -> 0 | E34: =IF(C34>0,((D34/12)/C34),"0") -> 0
A35: RODO 2 BORRACHAS | B35: 0 | C35: 0 | D35: =SUM(C35*B35) -> 0 | E35: =IF(C35>0,((D35/12)/C35),"0") -> 0
... A38: PLACAS SINALIZAÇÃO PISO MOLHADO TOMKI | B38: 0 | C38: 0 | D38: =SUM(C38*B38) -> 0 | E38: =IF(C38>0,((D38/12)/C38),"0") -> 0
D39: =SUM(D24:D38) -> 0 | E39: =SUM(E24:E38) -> 0
A41: ITEM EQUIPAMENTOS | B41: R$ UNITÁRIO | C41: QTD. | D41: VALOR TOTAL | E41: VALOR AMORTIZADO
A42: QUEPE (COM EMBLEMA) | B42: 0 | C42: 0 | D42: =SUM(C42*B42) -> 0 | E42: =IF(C42>0,((D42/12)/C42),"0") -> 0
A43: CAPA DE CHUVA | B43: 0 | C43: 0 | D43: =SUM(C43*B43) -> 0 | E43: =IF(C43>0,((D43/12)/C43),"0") -> 0
A44: CRACHÁ | B44: 0 | C44: 0 | D44: =SUM(C44*B44) -> 0 | E44: =IF(C44>0,((D44/12)/C44),"0") -> 0
A45: DISTINTIVO TIPO BROCHE | B45: 0 | C45: 0 | D45: =SUM(C45*B45) -> 0 | E45: =IF(C45>0,((D45/12)/C45),"0") -> 0
A46: CACETETE | B46: 0 | C46: 0 | D46: =SUM(C46*B46) -> 0 | E46: =IF(C46>0,((D46/12)/C46),"0") -> 0
A47: PORTA CACETETE | B47: 0 | C47: 0 | D47: =SUM(C47*B47) -> 0 | E47: =IF(C47>0,((D47/12)/C47),"0") -> 0
A48: APITO | B48: 0 | C48: 0 | D48: =SUM(C48*B48) -> 0 | E48: =IF(C48>0,((D48/12)/C48),"0") -> 0
A49: CORDÃO DE APITO | B49: 0 | C49: 0 | D49: =SUM(C49*B49) -> 0 | E49: =IF(C49>0,((D49/12)/C49),"0") -> 0
A50: LANTERNA GRANDE | B50: 0 | C50: 0 | D50: =SUM(C50*B50) -> 0 | E50: =IF(C50>0,((D50/12)/C50),"0") -> 0
A51: 3 PILHAS GRANDES PARA LANTERNA | B51: 0 | C51: 0 | D51: =SUM(C51*B51) -> 0 | E51: =IF(C51>0,((D51/12)/C51),"0") -> 0
A52: KIT DE PRIMEIROS SOCORROS | B52: 0 | C52: 0 | D52: =SUM(C52*B52) -> 0 | E52: =IF(C52>0,((D52/12)/C52),"0") -> 0
A53: ÓCULOS DE SEGURANÇA | B53: 0 | C53: 0 | D53: =SUM(C53*B53) -> 0 | E53: =IF(C53>0,((D53/12)/C53),"0") -> 0
A54: LUVAS DE SEGURANÇA (PAR) | B54: 0 | C54: 0 | D54: =SUM(C54*B54) -> 0 | E54: =IF(C54>0,((D54/12)/C54),"0") -> 0
D55: =SUM(D42:D54) -> 0 | E55: =SUM(E42:E54) -> 0
C148: 0.05
D150: =D148+D144+D143+D139+D136 -> 0

Sheet LIMPEZA
B2: SEBRAE-RS
B3: SERVIÇO DE APOIO ÀS MICRO E PEQUENAS EMPRESAS DO ESTADO DO RIO GRANDE DO SUL
B5: FORMULÁRIO DE ECONOMICIDADE
B7: INDICADOR DE ECONOMICIDADE DE DESPESAS DE SERVIÇOS TERCEIRIZADOS, DE NATUREZA CONTÍNUA*
B9: CUSTO TOTAL DE UM TRABALHADOR: | D9: VALOR PAGO REMUNERAÇÃO: | E9: FATOR "K" LIMPEZA E CONSERVAÇÃO
B12: REMUNERAÇÃO | C12: ='Planilha de custo'!D39 -> #DIV/0! | D12: ='Planilha de custo'!D39 -> #DIV/0! | E12: =$C$19/$D$12 -> #DIV/0!
B13: ENCARGOS SOCIAIS | C13: ='Planilha de custo'!#REF! -> #REF!
B14: INSUMOS | C14: ='Planilha de custo'!#REF! -> #REF!
B15: RESERVA TÉCNICA** | C15: 0
B16: DESPESAS OP./ADM. | C16: 0
B17: LUCRO | C17: ='Planilha de custo'!D124 -> #DIV/0!
B18: TRIBUTOS | C18: ='Planilha de custo'!D136 -> #DIV/0!
B19: CUSTO TOTAL DE UM TRABALHADOR: | C19: =SUM(C12:C18) -> #DIV/0!

Sheet COPEIR. E VIG.
B2: SEBRAE-RS
B3: SERVIÇO DE APOIO ÀS MICRO E PEQUENAS EMPRESAS DO ESTADO DO RIO GRANDE DO SUL
B5: FORMULÁRIO DE ECONOMICIDADE
B7: INDICADOR DE ECONOMICIDADE DE DESPESAS DE SERVIÇOS TERCEIRIZADOS, DE NATUREZA CONTÍNUA*
B9: CUSTO TOTAL DE UM TRABALHADOR: | D9: VALOR PAGO REMUNERAÇÃO: | E9: FATOR "K" COPEIRAGEM E VIGILÂNCIA
B12: REMUNERAÇÃO | C12: ='Planilha de custo'!D39 -> #DIV/0! | D12: ='Planilha de custo'!D39 -> #DIV/0! | E12: =$C$19/$D$12 -> #DIV/0!
B13: ENCARGOS SOCIAIS | C13: ='Planilha de custo'!#REF! -> #REF!
B14: INSUMOS | C14: ='Planilha de custo'!#REF! -> #REF!
B15: RESERVA TÉCNICA** | C15: 0
B16: DESPESAS OP./ADM. | C16: 0
B17: LUCRO | C17: ='Planilha de custo'!D124 -> #DIV/0!
B18: TRIBUTOS | C18: ='Planilha de custo'!D136 -> #DIV/0!
B19: CUSTO TOTAL DE UM TRABALHADOR: | C19: =SUM(C12:C18) -> #DIV/0!
